 Dungeon Crawl Stone Soup version 0.27-a0-594-g2aaa8dbbc2 (webtiles) character file.

Game seed: 14733096209582210363

145160 CurlyBrace the Spry (level 16, -7/91 (98) HPs)
             Began as a Felid Summoner on Feb 23, 2021.
             Was the Champion of Cheibriados.
             Mangled by a fire giant
             ... wielding a +4 battleaxe of electrocution
              (31 damage)
             ... on level 5 of the Vaults on Mar 11, 2021.
             The game lasted 04:53:21 (14145 turns).

CurlyBrace the Spry (Felid Summoner)               Turns: 14145, Time: 04:53:22

HP:   -7/91 (98)    AC:  8    Str: 20    XL:     16   Next: 22%
MP:   5/30          EV: 28    Int: 41    God:    Cheibriados [******]
Gold: 636           SH:  0    Dex: 32    Spells: 2/34 levels left
                                        Lives: 0   Deaths: 4

rFire    . . .     SeeInvis +     - Unarmed
rCold    + + +     Faith    .   (shield unavailable)
rNeg     + . .     Spirit   .   (armour unavailable)
rPois    +         Reflect  .   (helmet unavailable)
rElec    +         Harm     .   (cloak unavailable)
rCorr    +         Rampage  .   (gloves unavailable)
Will     ++...                  (boots unavailable)
Stlth    +++.......             y - amulet of the acrobat
HPRegen  0.25/turn              a - +6 ring of intelligence
MPRegen  0.22/turn              E - ring of positive energy

@: confused, ice-form, resistant, ambrosia-drunk, drained, very slow
A: large, see invisible, dopey 1, sense surroundings 1, wild magic 1, no weapons
or thrown items, no armour, multi-lived
}: 2/15 runes: decaying, serpentine
a: End Transformation, Renounce Religion, Bend Time, Temporal Distortion,
Slouch, Step From Time


You were on level 5 of the Vaults.
You worshipped Cheibriados.
Cheibriados was exalted by your worship.
You were a creature of crystalline ice.
You visited 9 branches of the dungeon, and saw 38 of its levels.
You visited 1 bazaar.
You also visited: Ice Cave and Volcano.

You collected 3240 gold pieces.
You spent 2604 gold pieces at shops.

Inventory:

Missiles
 w - 398 stones
Jewellery
 a - a +6 ring of intelligence (right front paw)
   (You found it on level 9 of the Dungeon)
 c - a ring of protection from cold
   (You found it on level 4 of the Dungeon)
 f - a ring of protection from fire
   (You found it on level 7 of the Dungeon)
 g - the ring "Ythykh" {rElec rCorr Str+3 Int-5}
   (You bought it in a shop in a bazaar)

   [ring of resist corrosion]

   It affects your strength (+3).
   It affects your intelligence (-5).
   It insulates you from electricity.
   It provides partial protection from all sources of acid and corrosion.
 j - a +4 ring of slaying
   (You took it off a vault sentinel on level 5 of the Vaults)
 k - a ring of resist corrosion
   (You took it off an orc warrior on level 5 of the Vaults)
 l - a +4 ring of evasion
   (You found it on level 1 of the Lair of Beasts)
 o - an amulet of reflection
   (You found it on level 5 of the Dungeon)
 x - a ring of ice
   (You found it on level 4 of the Lair of Beasts)
 y - an amulet of the acrobat (around neck)
   (You found it on level 13 of the Dungeon)
 E - a ring of positive energy (left front paw)
   (You found it on level 5 of the Lair of Beasts)
 J - the ring of Midnight {Fire rElec Will+ Dex+7 Slay-3}
   (You found it on level 3 of the Swamp)

   [ring of fire]

   It enhances your fire magic.
   It affects your dexterity (+7).
   It affects your accuracy and damage with ranged weapons and melee attacks
   (-3).
   It protects you from fire.
   It makes you vulnerable to cold.
   It insulates you from electricity.
   It affects your willpower, your defense against some magical effects.
 K - a ring of protection from cold
   (You found it on level 3 of the Swamp)
 N - the ring "Tyacsucash" {rC+ EV+4 Str-4 Dex+7}
   (You took it off an orc on level 5 of the Vaults)

   [ring of evasion]

   It affects your evasion (+4).
   It affects your strength (-4).
   It affects your dexterity (+7).
   It protects you from cold.
Wands
 i - a wand of polymorph (3)
   (You found it on level 9 of the Dungeon)
 u - a wand of random effects (1)
   (You found it on level 4 of the Lair of Beasts)
 v - a wand of digging (10)
   (You found it on level 7 of the Dungeon)
 F - a wand of flame (19)
   (You found it on level 4 of the Lair of Beasts)
Scrolls
 b - a scroll of fog
 d - 3 scrolls of magic mapping
 r - a scroll of identify
 t - 6 scrolls of teleportation
 z - a scroll of torment
 A - a scroll of silence
 B - a scroll of vulnerability
 C - 2 scrolls of amnesia
 L - a scroll of immolation
Potions
 e - 8 potions of flight
 h - 2 potions of haste
 m - a potion of attraction
 n - 2 potions of resistance
 p - 2 potions of cancellation
 D - 2 potions of mutation
 G - 4 potions of brilliance
 H - 4 potions of lignification
 I - 2 potions of ambrosia
Miscellaneous
 s - a condenser vane (inert)
   (You found it on level 1 of the Lair of Beasts)
 M - a lightning rod (4/4)
   (You bought it in a shop on level 4 of the Dungeon)


   Skills:
 * Level 16.1 Fighting
 + Level 16.2 Dodging
 + Level 16.1 Stealth
 * Level 16.1 Unarmed Combat
 + Level 9.9 Spellcasting
 - Level 1.0 Conjurations
 - Level 4.0 Summonings
 - Level 1.0 Translocations
 + Level 5.4 Transmutations
 - Level 1.0 Fire Magic
 - Level 1.0 Ice Magic
 - Level 1.0 Air Magic
 + Level 5.2 Earth Magic
 - Level 2.0 Poison Magic
 - Level 8.0 Invocations
 - Level 5.0 Evocations


You had 2 spell levels left.
You knew the following spells:

 Your Spells              Type           Power      Damage    Failure   Level
a - Sandblast             Erth           100%       2d20      1%          1
b - Blink                 Tloc           N/A        N/A       3%          2
c - Passwall              Tmut/Erth      58%        N/A       1%          2
d - Mephitic Cloud        Conj/Pois/Air  40%        N/A       5%          3
e - Ignite Poison         Fire/Tmut/Pois 54%        N/A       3%          3
f - Petrify               Tmut/Erth      70%        N/A       3%          4
g - Summon Ice Beast      Ice/Summ       52%        N/A       10%         4
h - Ice Form              Ice/Tmut       57%        N/A       7%          4
i - Olgreb's Toxic Radia  Pois           47%        N/A       12%         4
j - Lee's Rapid Deconstr  Erth           35%        3d19*     9%          5

Your spell library contained the following spells:

 Spells                   Type           Power      Damage    Failure   Level
 Beastly Appendage        Tmut           100%       N/A       1%          1
 Sting                    Tmut/Pois      100%       1d8       1%          1
 Summon Small Mammal      Summ           100%       N/A       1%          1
 Call Imp                 Summ           62%        N/A       1%          2
 Wereblood                Tmut           71%        N/A       1%          2
 Magic Dart               Conj           100%       1d8       2%          1
 Poisonous Vapours        Pois/Air       84%        N/A       2%          2
 Slow                     Hex            26%        N/A       4%          2
 Call Canine Familiar     Summ           62%        N/A       2%          3
 Spider Form              Tmut/Pois      30%        N/A       2%          3
 Stone Arrow              Conj/Erth      100%       3d13      2%          3
 Summon Guardian Golem    Hex/Summ       47%        N/A       4%          3
 Conjure Flame            Conj/Fire      37%        6-21      5%          3
 Gell's Gravitas          Tloc           18%        N/A       5%          3
 Lesser Beckoning         Tloc           18%        N/A       5%          3
 Teleport Other           Tloc           37%        N/A       5%          3
 Blade Hands              Tmut           35%        N/A       8%          5
 Summon Lightning Spire   Summ/Air       52%        N/A       10%         4
 Manifold Assault         Tloc           37%        N/A       16%         4
 Freezing Cloud           Conj/Ice/Air   18%        6-21      90%         6


Dungeon Overview and Level Annotations

Branches:
Dungeon (14/15)            Temple (1/1) D:7            Lair (6/6) D:10
  Swamp (4/4) Lair:2        Snake (4/4) Lair:2        Slime (1/5) Lair:5
    Orc (2/2) D:11            Elf (1/3) Orc:2        Vaults (5/5) D:13
  Crypt (0/3) Vaults:2      IceCv (visited)         Volcano (visited)

Altars:
Ashenzari
Cheibriados
Dithmenos
Elyvilon
Fedhas
Gozag
Hepliaklqana
Kikubaaqudgha
Makhleb
Nemelex Xobeh
Okawaru
Qazlal
Ru
Sif Muna
Trog
Uskayaw
Vehumet
Wu Jian
Xom
Yredelemnul
Zin
Jiyva

Shops:
D:4 *   D:6 **([!   D:9 [   Orc:1 ?   Orc:2 [?!?   Vaults:2 (

Portals:
Abyss: Swamp:3

Annotations:
D:2 Terence
Swamp:2 Donald
Swamp:4 exclusions: bunyip and ghost crab
Snake:1 exclusion: mana viper
Snake:4 Face
Orc:2 exclusion: downstairs


Innate Abilities, Weirdness & Mutations

((You have sharp claws.))
((You have razor-sharp teeth.))
You have supernaturally acute eyesight. (SInv)
((You cover ground quickly. (Speed+)))
((Your thick and shaggy fur keeps you warm. (AC +3, rC+)))
((Your stealthy paws help you sneak and pounce on unaware monsters.))
You are incapable of wielding weapons or throwing items.
You cannot wear armour.
You gain extra lives every three experience levels.
You are dopey. (Int -2)
You passively map a small area around you.
Your spells are a little harder to cast, but a little more powerful.


Message History

You step out of the flow of time.
You return to the normal time flow.
Unknown command.
As you read the scroll of fog, it crumbles to dust.
The scroll dissolves into smoke.
The tarantella hisses angrily.
Okay, then.
Casting: Blink (safe; 3% risk of failure)
Confirm with . or Enter, or press ? or * to list all spells.
Okay, then.
Okay, then.
Casting: Blink (safe; 3% risk of failure)
Confirm with . or Enter, or press ? or * to list all spells.
Aiming: Petrify (dangerous; 3% risk of failure)
Press: ? - help, Shift-Dir - straight line, f - tarantella
Aim: a tarantella (chance to affect: 80%)
The tarantella is moving more slowly.
You hear a shout!
You feel better.
Press: ? - help, v - describe, . - travel
Here: a fire giant, wielding a +4 battleaxe of electrocution and wearing a +4 ring of evasion (blue smoke)
The floor.
Unknown command.
Unknown command.
Okay, then.
Unknown command.
Casting: Petrify (dangerous; 3% risk of failure)
Confirm with . or Enter, or press ? or * to list all spells.
Aiming: Petrify (dangerous; 3% risk of failure)
Press: ? - help, Shift-Dir - straight line, f - fire giant, p - tarantella
Aim: a fire giant, wielding a +4 battleaxe of electrocution and wearing a +4 ring of evasion (blue smoke, chance to affect: 30%)
The fire giant easily resists.
The tarantella bites you!
* * * LOW HITPOINT WARNING * * *
You are confused.
The fire giant misses you.
Unknown command.
You are more confused.
You feel invigorated.
The tarantella bites you but does no damage.
The fire giant hits you with a +4 battleaxe of electrocution!!
You die...

,,,*,*,..#****************,*,*,,*
,,,*,*,...,,,,,,,,,,,,,,,*,*,*,,*
,,,*,*,#.###############,*,*,*,,*
,,,*,*,#.#).|[..).)....#,*,*,*,,*
,,,*,*,#.#.)..:}...|.[}#,*,*,*,,*
,,,*,*,#.#...[....[C...#.#,*,*,,*
,,,*,*,#.#....§§§§§..^.#.#,*,*,,*
,,,*,*,#)#...(§s§§§§...#.#,*,*,,*
,,,*,*,#.#..}.§§YC§....#.#,*,*,,*
,,,*,*,#)#....§§§§§....#.#,*,*,,*
,,,*,*,#.#:.})§§§§.^...#.#,*,*,,*
,,,*,*,#.#........^^^....#,*,*,,*
,,,*,*,#)#############...#,*,*,,*
,,,*,*,#.))))))))))DY..).#,*,*,,*
,,,*,*,###################,*,*,,*
,,,*,*,,,,,,,,,,,,,,,,,,,,,,,*,,*
,,,*,*********************,,,*,,*


You could see a fire giant and a tarantella (petrifying).

Vanquished Creatures
  the Lernaean hydra (Swamp:4)
  3 titans (Vaults:5)
  3 sphinxes (Vaults:5)
  A storm dragon (Vaults:5)
  A shadow dragon (Vaults:5)
  2 tengu reavers (Vaults:5)
  2 nagarajas (Snake:4)
  A cacodemon (Swamp:3)
  8 vault wardens
  A very ugly thing (Swamp:3)
  9 ironheart preservers
  3 stone giants
  The ghost of Unagoy the Covert, a journeyman OpBe of Trog (Swamp:3)
  2 deep elf demonologists
  4 bunyips
  An entropy weaver (Vaults:5)
  A crystal guardian (Swamp:3)
  An ettin (Vaults:5)
  An eleionoma (Swamp:3)
  The ghost of Zawk the Grappler, a journeyman TrMo of Jiyva (Lair:3)
  2 yaktaur captains
  3 fire dragons
  A boulder beetle (Vaults:3)
  6 vault guards
  4 ghost crabs
  8 naga warriors
  An ogre mage (Vaults:1)
  3 catoblepae (Lair:6)
  14 hydras
  4 centaur warriors
  2 two-headed ogres
  4 alligators
  10 death yaks
  3 anacondas
  2 deep troll earth magi
  A thrashing horror (Swamp:3)
  A shock serpent (Snake:4)
  4 orc high priests
  3 naga sharpshooters
  A deep elf knight (Vaults:1)
  A hell knight (Vaults:5)
  3 goliath frogs
  4 glowing orange brains
  2 skeletal warriors (Volcano)
  2 spriggan druids
  9 swamp dragons
  A deep elf archer (Vaults:4)
  An unseen horror (Vaults:1)
  3 naga ritualists
  2 deep elf zephyrmancers (Vaults:4)
  13 bog bodies
  9 deep trolls
  An anaconda skeleton (Volcano)
  5 ironbrand convokers
  A necromancer (Vaults:2)
  6 orc knights
  A wizard (Vaults:3)
  A cyclops (Orc:2)
  4 orc sorcerers
  2 deep elf pyromancers (Vaults:4)
  3 wolf spiders
  2 mana vipers
  3 oklob plants (Lair:4)
  3 manticores
  3 will-o-the-wisps
  2 salamanders
  An elephant (Lair:6)
  A worldbinder (Swamp:3)
  An apocalypse crab (Swamp:3)
  13 black mambas
  5 vault sentinels
  9 cane toads
  19 naga magi
  A titan simulacrum (Vaults:3)
  2 ice statues (IceCv)
  3 rime drakes
  3 gargoyles (Volcano)
  A torpor snail (Lair:2)
  A freezing wraith (Vaults:3)
  8 komodo dragons
  6 yaktaurs
  8 ice devils (IceCv)
  A komodo dragon (shapeshifter) (D:13)
  A queen bee (Lair:3)
  A merfolk (Snake:4)
  A troll (D:10)
  2 harpy skeletons (Volcano)
  3 tyrant leeches
  4 nameless horrors
  3 polar bears
  A meliai (Lair:3)
  10 hornets
  21 blink frogs
  A flying skull (Volcano)
  Sigmund (D:2)
  A redback (Vaults:5)
  A wyvern (D:9)
  An alligator skeleton (Volcano)
  A shadow (D:11)
  A vampire (D:13)
  6 spriggans
  31 yaks
  A hog (shapeshifter) (D:13)
  A golden eye (D:10)
  2 basilisks
  2 large abominations (Swamp:3)
  A steam dragon (D:8)
  3 vampire mosquitoes (Swamp:1)
  An acid dragon (shapeshifter) (D:13)
  24 nagas
  16 swamp worms
  A warg (D:11)
  11 water moccasins
  A floating eye (shapeshifter) (Vaults:1)
  5 sky beasts
  9 swamp drakes
  3 black bears
  3 ice beasts
  9 orc warriors
  8 ogres
  7 centaurs
  17 wolves
  4 phantoms
  2 kobold brigands
  8 bullfrogs
  A wyvern zombie (D:10)
  2 scorpions
  A water moccasin skeleton (D:5)
  2 troll zombies (D:11)
  12 killer bees
  13 wights (D:6)
  A spriggan skeleton (Volcano)
  2 troll skeletons (Volcano)
  3 howler monkeys
  6 electric eels
  A bullfrog zombie (D:9)
  A quasit (D:10)
  7 hounds
  A centaur zombie (D:9)
  3 jellies
  6 orc priests
  A centaur skeleton (D:4)
  2 bullfrog skeletons (D:6)
  An iguana (D:8)
  9 orc wizards
  8 worker ants
  A killer bee zombie (D:10)
  3 ogre zombies (D:11)
  2 worker ant zombies
  14 adders
  3 shadow imps
  9 white imps
  3 ufetubi
  An ooze (D:4)
  2 worms
  3 dart slugs
  7 leopard geckos
  32 orcs
  8 bats
  5 giant cockroaches
  3 goblins
  10 hobgoblins
  8 jackals
  3 kobolds
  4 quokkas
  5 frilled lizards
  2 goblin skeletons (D:11)
  A goblin zombie (D:11)
  2 hobgoblin zombies (D:11)
  A leopard gecko skeleton (D:4)
  A leopard gecko zombie (D:4)
  3 orc skeletons (D:11)
  6 orc zombies (D:11)
  A quokka zombie (D:8)
  8 rats
758 creatures vanquished.

Vanquished Creatures (collateral kills)
  2 nagarajas (Snake:4)
  A naga warrior (Snake:4)
  3 hydras
  A shock serpent (Snake:4)
  An ugly thing (Swamp:3)
  A naga mage (Snake:4)
  2 gargoyles (Volcano)
  2 harpy skeletons (Volcano)
  A blink frog (Lair:2)
  A flying skull (Volcano)
  3 yaks (D:10)
  2 spriggans
  A wraith (D:11)
  4 nagas (Snake:4)
  5 orc warriors
  A black bear (D:10)
  4 ogres
  6 killer bees
  A troll skeleton (Volcano)
  2 wights
  A howler monkey (D:7)
  A jelly (D:6)
  7 orc priests (Orc:2)
  2 hounds (D:10)
  Jessica (D:3)
  An orc wizard (Orc:2)
  A worker ant (D:9)
  An ogre zombie (D:11)
  A naga skeleton (Volcano)
  2 adders
  A white imp (IceCv)
  A worm (D:4)
  5 orcs
  2 bats (D:3)
  A quokka (D:10)
  A goblin zombie (D:11)
  2 orc zombies (D:11)
75 creatures vanquished.

Vanquished Creatures (others)
  A reaper (IceCv)
  2 bloated husks
  A flying skull (Volcano)
  A yak (D:9)
  2 orc warriors
  A black bear (D:9)
  A bullfrog (D:9)
  2 white imps (IceCv)
  4 ufetubi (IceCv)
  5 foxfires
  47 fungi
  46 plants
113 creatures vanquished.

Grand Total: 946 creatures vanquished

Notes
Turn   | Place    | Note
-------+----------+-------------------------------------------
     0 | D:1      | CurlyBrace the Felid Summoner began the quest for the Orb.
     0 | D:1      | Reached XP level 1. HP: 7/7 MP: 4/4
   186 | D:2      | Reached XP level 2. HP: 10/12 MP: 6/6
   221 | D:2      | Reached skill level 1 in Fighting
   221 | D:2      | Reached skill level 1 in Unarmed Combat
   231 | D:2      | Noticed Terence
   270 | D:3      | Found an opulent altar of Gozag.
   278 | D:3      | Learned a level 1 spell: Beastly Appendage
   281 | D:3      | Learned a level 2 spell: Call Imp
   358 | D:3      | Reached XP level 3. HP: 2/15 MP: 2/7
   371 | D:4      | Found Ilejol's General Store.
   393 | D:5      | Entered Level 5 of the Dungeon
   528 | D:7      | Noticed an orc warrior
   571 | D:7      | Reached skill level 1 in Transmutations
   571 | D:7      | Reached XP level 4. HP: 5/19 MP: 1/8
   725 | D:7      | Found a staircase to the Ecumenical Temple.
   730 | D:7      | Noticed an orc warrior
   783 | D:7      | Killed an orc warrior
   784 | D:7      | Reached XP level 5. HP: 18/24 MP: 0/9
   790 | Temple   | Entered the Ecumenical Temple
   808 | Temple   | Became a worshipper of Cheibriados the Contemplative
   984 | D:6      | Found Qulod's Distillery.
   993 | D:6      | Bought a potion of curing for 39 gold pieces
   993 | D:6      | Bought a potion of curing for 39 gold pieces
  1003 | D:6      | Noticed a centaur
  1033 | D:6      | Noticed an ogre
  1043 | D:6      | Gained mutation: You are covered in thick fur. (AC +2)
                  | [Felid growth]
  1043 | D:6      | Reached XP level 6. HP: 24/28 MP: 8/10
  1092 | D:6      | Found Useored's General Store.
  1120 | D:6      | Found Wauvyqin's Assorted Antiques.
  1193 | D:6      | Slain by a wight
  1194 | D:6      | Reached XP level 5. HP: -5/25 MP: 1/9
  1214 | D:6      | Reached * piety under Cheibriados
  1215 | D:6      | Reached XP level 6. HP: 22/28 MP: 10/10
  1255 | D:6      | Found Entaheco's Armour Shoppe.
  1262 | D:6      | Found Okif's Antique Weapon Emporium.
  1352 | D:5      | Noticed a sky beast
  1365 | D:5      | Killed a sky beast
  1461 | D:4      | Reached XP level 7. HP: 20/33 MP: 11/11
  1541 | D:3      | Found a broken altar of Ashenzari.
  1562 | D:3      | Noticed Jessica
  1577 | D:3      | Killed Jessica
  1581 | D:3      | Found a broken altar of Ashenzari.
  1768 | D:1      | Reached ** piety under Cheibriados
  1797 | D:1      | Reached skill level 5 in Stealth
  1851 | D:1      | Reached skill level 5 in Unarmed Combat
  1986 | D:2      | Noticed Sigmund
  1990 | D:2      | Killed Sigmund
  1991 | D:2      | Reached skill level 5 in Fighting
  1991 | D:2      | Reached skill level 5 in Dodging
  2216 | D:4      | Bought 2 potions of heal wounds for 110 gold pieces
  2392 | D:4      | Reached *** piety under Cheibriados
  2515 | D:4      | Reached XP level 8. HP: 24/38 MP: 7/12
  2908 | D:6      | Gained mutation: Your body sometimes deteriorates upon
                  | taking damage. [potion of mutation]
  2908 | D:6      | Gained mutation: You possess an exceptional clarity of
                  | mind. [potion of mutation]
  3082 | D:6      | Reached **** piety under Cheibriados
  3109 | D:8      | Found a glowing silver altar of Zin.
  3203 | D:6      | Bought a jewelled bronze wand for 80 gold pieces
  3380 | D:7      | Reached XP level 9. HP: 20/42 MP: 14/14
  3486 | D:9      | Reached skill level 1 in Evocations
  3756 | D:9      | Found a hazy altar of Hepliaklqana.
  3787 | D:9      | Reached ***** piety under Cheibriados
  3793 | D:9      | Reached XP level 10. HP: 31/48 MP: 11/17
  3800 | D:9      | Learned a level 4 spell: Summon Ice Beast
  3933 | D:9      | Found a shimmering altar of Xom.
  3995 | D:9      | Reached skill level 1 in Ice Magic
  4012 | D:9      | Reached skill level 1 in Invocations
  4016 | D:10     | Entered Level 10 of the Dungeon
  4052 | D:9      | Found Yte Fyss's Armour Emporium.
  4100 | D:10     | Found a staircase to the Lair.
  4168 | D:10     | Noticed a nameless horror
  4174 | D:10     | Noticed a two-headed ogre
  4194 | D:10     | Killed a nameless horror
  4207 | D:10     | Killed a two-headed ogre
  4483 | D:11     | Reached XP level 11. HP: 26/53 MP: 8/18
  4623 | D:11     | Found a staircase to the Orcish Mines.
  4672 | Orc:1    | Entered Level 1 of the Orcish Mines
  4672 | Orc:1    | Noticed an orc high priest
  4719 | Orc:1    | Killed an orc high priest
  4751 | Orc:2    | Entered Level 2 of the Orcish Mines
  4823 | Orc:1    | Found Detiu's Magic Scroll Emporium.
  4869 | Orc:2    | Found a staircase to the Elven Halls.
  4898 | Orc:2    | Reached ****** piety under Cheibriados
  4932 | Orc:2    | Noticed an orc knight
  5121 | Elf:1    | Entered Level 1 of the Elven Halls
  5121 | Elf:1    | Noticed a deep elf pyromancer
  5121 | Elf:1    | Noticed a deep elf zephyrmancer
  5121 | Elf:1    | Noticed a deep elf zephyrmancer
  5121 | Elf:1    | Noticed a deep elf zephyrmancer
  5121 | Elf:1    | Noticed a deep elf pyromancer
  5167 | Orc:2    | Killed an orc knight
  5229 | Orc:2    | Noticed an orc sorcerer
  5276 | Orc:2    | Noticed an orc knight
  5295 | Orc:2    | Learned a level 4 spell: Ice Form
  5312 | Orc:2    | Killed an orc knight
  5326 | Orc:2    | Noticed an orc high priest
  5341 | Orc:2    | Killed an orc high priest
  5348 | Orc:2    | Noticed an orc high priest
  5354 | Orc:2    | Killed an orc high priest
  5355 | Orc:2    | Reached skill level 10 in Fighting
  5355 | Orc:2    | Reached skill level 10 in Unarmed Combat
  5426 | Orc:2    | Noticed an orc knight
  5435 | Orc:2    | Killed an orc knight
  5436 | Orc:2    | Reached skill level 10 in Stealth
  5436 | Orc:2    | Reached skill level 5 in Spellcasting
  5455 | Orc:2    | Noticed an orc sorcerer
  5457 | Orc:2    | Killed an orc sorcerer
  5458 | Orc:2    | Reached skill level 10 in Dodging
  5458 | Orc:2    | Noticed a soul eater
  5462 | Orc:2    | Killed an orc sorcerer
  5465 | Orc:2    | Noticed an orc sorcerer
  5469 | Orc:2    | Killed an orc sorcerer
  5469 | Orc:2    | Noticed an orc high priest
  5473 | Orc:2    | Noticed an orc knight
  5590 | Orc:2    | Killed an orc knight
  5591 | Orc:2    | Killed an orc high priest
  5598 | Orc:2    | Found Zuobywot's Antique Armour Emporium.
  5598 | Orc:2    | Found Kealuth's Magic Scroll Shop.
  5600 | Orc:2    | Found Idgheolo's Distillery.
  5600 | Orc:2    | Found Ruoheed's Magic Scroll Shop.
  5606 | Orc:2    | Bought a scroll of blinking for 105 gold pieces
  5609 | Orc:2    | Bought a potion of curing for 30 gold pieces
  5609 | Orc:2    | Bought a potion of heal wounds for 50 gold pieces
  5610 | Orc:2    | Bought a scroll of teleportation for 30 gold pieces
  5610 | Orc:2    | Bought a scroll of blinking for 75 gold pieces
  5610 | Orc:2    | Bought a scroll of teleportation for 30 gold pieces
  5610 | Orc:2    | Bought 2 scrolls of fog for 40 gold pieces
  5611 | Orc:2    | Bought a potion of might for 40 gold pieces
  5611 | Orc:2    | Bought a potion of might for 40 gold pieces
  5612 | Orc:2    | Bought a scroll of fear for 35 gold pieces
  5612 | Orc:2    | Bought a scroll of magic mapping for 35 gold pieces
  5612 | Orc:2    | Bought a scroll of fog for 20 gold pieces
  5612 | Orc:2    | Bought a scroll of fog for 20 gold pieces
  5614 | Orc:2    | Bought a scroll of magic mapping for 49 gold pieces
  5614 | Orc:2    | Bought a scroll of magic mapping for 49 gold pieces
  5784 | Lair:1   | Entered Level 1 of the Lair of Beasts
  5798 | Lair:1   | Gained mutation: Your thick and shaggy fur keeps you warm.
                  | (AC +3, rC+) [Felid growth]
  5798 | Lair:1   | Reached XP level 12. HP: 50/58 MP: 15/20
  5810 | Lair:1   | Noticed a six-headed hydra
  5883 | Lair:1   | Found a frozen archway.
  5890 | IceCv    | Entered an ice cave
  6046 | IceCv    | Killed a reaper
  6411 | Lair:1   | Noticed a seven-headed hydra
  6434 | Lair:1   | Killed a seven-headed hydra
  6580 | Lair:2   | Learned a level 3 spell: Mephitic Cloud
  6584 | Lair:2   | Learned a level 3 spell: Ignite Poison
  6707 | Lair:2   | Found a staircase to the Snake Pit.
  6707 | Lair:2   | Noticed a five-headed hydra
  6713 | Lair:2   | Killed a five-headed hydra
  6723 | Lair:2   | Learned a level 2 spell: Blink
  6729 | Snake:1  | Entered Level 1 of the Snake Pit
  6729 | Snake:1  | Noticed an anaconda
  6729 | Snake:1  | Noticed an anaconda
  6800 | Lair:3   | Noticed an eight-headed hydra
  6819 | Lair:3   | Killed an eight-headed hydra
  6822 | Lair:3   | Reached skill level 1 in Poison Magic
  6825 | Lair:3   | Reached skill level 1 in Conjurations
  6834 | Lair:3   | Reached skill level 1 in Fire Magic
  6836 | Lair:3   | Reached skill level 1 in Air Magic
  6844 | Lair:3   | Found a transporter.
  6848 | Lair:3   | Found a transporter.
  6849 | Lair:3   | Noticed Zawk's ghost (journeyman TrMo)
  6930 | Lair:3   | Killed Zawk's ghost
  7040 | Lair:3   | Reached XP level 13. HP: 56/64 MP: 14/21
  7072 | Lair:4   | Reached skill level 5 in Invocations
  7074 | Lair:4   | Reached skill level 5 in Evocations
  7084 | Lair:4   | Slain by an eight-headed hydra
  7085 | Lair:4   | Reached XP level 12. HP: -4/73 MP: 2/20
  7223 | Lair:6   | Entered Level 6 of the Lair of Beasts
  7309 | Lair:6   | Found a dark tunnel.
  7313 | Volcano  | Entered a volcano
  7753 | Lair:6   | Reached XP level 13. HP: 65/65 MP: 19/22
  8029 | Lair:6   | Learned a level 2 spell: Passwall
  8234 | Lair:5   | Identified a scroll of acquirement
  8234 | Lair:5   | Acquired 676 gold pieces
  8248 | Lair:5   | Found a staircase to the Slime Pits.
  8248 | Lair:5   | Found a viscous altar of Jiyva.
  8257 | Slime:1  | Entered Level 1 of the Pits of Slime
  8361 | Lair:4   | Learned a level 1 spell: Sandblast
  8367 | Lair:4   | Learned a level 4 spell: Petrify
  8651 | Snake:1  | Reached skill level 1 in Translocations
  8651 | Snake:1  | Reached skill level 1 in Earth Magic
  8852 | Snake:3  | Reached XP level 14. HP: 64/70 MP: 18/24
  8897 | Snake:4  | Entered Level 4 of the Snake Pit
  9138 | Snake:4  | Noticed a nagaraja
  9150 | Snake:4  | Killed a nagaraja
  9442 | Snake:4  | Noticed a nagaraja
  9449 | Snake:4  | Killed a nagaraja
  9496 | Snake:4  | Noticed a nagaraja
  9527 | Snake:4  | Noticed a nagaraja
  9557 | Snake:4  | Killed a nagaraja
  9560 | Snake:4  | Killed a nagaraja
  9599 | Snake:4  | Got a serpentine rune of Zot
  9658 | Snake:4  | Upgraded the game from 0.27-a0-409-gd57800a693 to
                  | 0.27-a0-412-g8dd771eca2
 10094 | Lair:2   | Found a staircase to the Swamp.
 10121 | Swamp:1  | Entered Level 1 of the Swamp
 10127 | Swamp:1  | Reached XP level 15. HP: 34/75 MP: 12/25
 10521 | Swamp:2  | Noticed Donald
 10532 | Swamp:3  | Learned a level 5 spell: Lee's Rapid Deconstruction
 10564 | Swamp:3  | Found a transporter.
 10582 | Swamp:3  | Found a transporter.
 10587 | Swamp:3  | Found Rerixif's Island Escapes.
 10597 | Swamp:3  | Bought a scroll of teleportation for 39 gold pieces
 10597 | Swamp:3  | Bought a scroll of teleportation for 39 gold pieces
 10597 | Swamp:3  | Bought a scroll of blinking for 97 gold pieces
 10597 | Swamp:3  | Bought a scroll of fog for 26 gold pieces
 10597 | Swamp:3  | Bought a potion of flight for 39 gold pieces
 10597 | Swamp:3  | Bought a potion of flight for 39 gold pieces
 10597 | Swamp:3  | Bought a wand of digging (4) for 208 gold pieces
 10630 | Swamp:3  | Identified the +5 spear of Emuet {distort, +Blink Str-3
                  | Dex+4 SInv}
 10674 | Swamp:3  | Noticed Unagoy's ghost (journeyman OpBe)
 10708 | Swamp:4  | Entered Level 4 of the Swamp
 10790 | Swamp:3  | Lost mutation: Your body sometimes deteriorates upon taking
                  | damage. [potion of mutation]
 10790 | Swamp:3  | Lost mutation: You possess an exceptional clarity of mind.
                  | [potion of mutation]
 10790 | Swamp:3  | Gained mutation: You passively map a small area around you.
                  | [potion of mutation]
 10790 | Swamp:3  | Gained mutation: You are dopey. (Int -2) [potion of
                  | mutation]
 10790 | Swamp:3  | Gained mutation: Your spells are a little harder to cast,
                  | but a little more powerful. [potion of mutation]
 10861 | Swamp:4  | Reached skill level 5 in Transmutations
 10875 | Swamp:4  | Reached skill level 5 in Earth Magic
 11280 | Swamp:4  | Noticed the 27-headed Lernaean hydra
 11406 | Swamp:4  | Was placed under penance by Cheibriados
 11460 | Swamp:4  | Was forgiven by Cheibriados
 11508 | Swamp:4  | Killed the 27-headed Lernaean hydra
 11514 | Swamp:4  | Reached XP level 16. HP: 80/80 MP: 12/29
 11526 | Swamp:4  | Got a decaying rune of Zot
 11584 | Swamp:3  | Found a one-way gate to the infinite horrors of the Abyss.
 11614 | Swamp:3  | Reached skill level 15 in Dodging
 11672 | Swamp:3  | Killed Unagoy's ghost
 11695 | Swamp:3  | Got a smoking pewter ring
 11696 | Swamp:3  | Identified the ring of Midnight {Fire rElec Will+ Dex+7
                  | Slay-3} (You found it on level 3 of the Swamp)
 11939 | D:4      | Bought a lightning rod (4/4) for 330 gold pieces
 11939 | D:4      | Bought a potion of curing for 33 gold pieces
 11998 | D:6      | Bought a scroll of fog for 40 gold pieces
 12016 | D:6      | Bought a potion of heal wounds for 65 gold pieces
 12016 | D:6      | Bought a potion of attraction for 39 gold pieces
 12016 | D:6      | Bought a potion of curing for 39 gold pieces
 12230 | D:13     | Found a gate to the Vaults.
 12286 | Vaults:1 | Entered Level 1 of the Vaults
 12498 | Vaults:1 | Reached skill level 15 in Stealth
 12503 | Vaults:1 | Reached skill level 15 in Fighting
 12503 | Vaults:1 | Reached skill level 15 in Unarmed Combat
 12640 | Vaults:2 | Mangled by a vault warden
 12641 | Vaults:2 | Reached XP level 15. HP: -6/92 MP: 3/29
 12668 | Vaults:2 | Killed a vault warden
 12710 | Vaults:2 | Found Qaagiytt's Weapon Emporium.
 12718 | Vaults:2 | Noticed a vault warden
 12720 | Vaults:2 | Shot with a bolt by a yaktaur
 12721 | Vaults:2 | Reached XP level 14. HP: -2/73 MP: 28/28
 12739 | Vaults:2 | Found a flickering gateway to a bazaar.
 12748 | Bazaar   | Entered a bazaar
 12752 | Bazaar   | Found Adaypa's Distillery.
 12766 | Bazaar   | Found Eshiodag's General Store.
 12769 | Bazaar   | Found Hiukaov's General Store.
 12774 | Bazaar   | Found Zikhaet's Antique Armour Shop.
 12777 | Bazaar   | Bought the ring "Ythykh" {rElec rCorr Str+3 Int-5} for 268
                  | gold pieces
 12798 | Bazaar   | Bought a potion of heal wounds for 75 gold pieces
 12798 | Bazaar   | Bought a potion of curing for 45 gold pieces
 12798 | Bazaar   | Bought 2 potions of mutation for 240 gold pieces
 12798 | Bazaar   | Upgraded the game from 0.27-a0-412-g8dd771eca2 to
                  | 0.27-a0-594-g2aaa8dbbc2
 12817 | Bazaar   | Bought a potion of curing for 27 gold pieces
 12823 | Bazaar   | Found Cori's Armour Shop.
 13053 | Vaults:3 | Noticed a lich
 13071 | Vaults:2 | Noticed a stone giant
 13072 | Vaults:2 | Killed a stone giant
 13086 | Vaults:2 | Noticed an ironheart preserver
 13096 | Vaults:2 | Noticed a vault warden
 13098 | Vaults:2 | Killed a vault warden
 13100 | Vaults:2 | Killed an ironheart preserver
 13150 | Vaults:3 | Reached XP level 15. HP: 77/77 MP: 29/29
 13212 | Vaults:4 | Noticed a storm dragon
 13377 | Vaults:4 | Learned a level 4 spell: Olgreb's Toxic Radiance
 13623 | Vaults:5 | Entered Level 5 of the Vaults
 13629 | Vaults:5 | Noticed a sphinx
 13631 | Vaults:5 | Noticed a vault warden
 13649 | Vaults:5 | Killed a sphinx
 13654 | Vaults:5 | Killed a vault warden
 13657 | Vaults:5 | Noticed a vault warden
 13657 | Vaults:5 | Noticed a tengu reaver
 13657 | Vaults:5 | Noticed a titan
 13674 | Vaults:5 | Noticed a titan
 13677 | Vaults:5 | Killed a titan
 13678 | Vaults:5 | Noticed a titan
 13698 | Vaults:5 | Killed a vault warden
 13702 | Vaults:5 | Killed a tengu reaver
 13714 | Vaults:5 | Killed a titan
 13745 | Vaults:5 | Noticed a sphinx
 13758 | Vaults:5 | Noticed a vault warden
 13760 | Vaults:5 | Killed a sphinx
 13766 | Vaults:5 | Noticed a sphinx
 13774 | Vaults:5 | Killed a vault warden
 13779 | Vaults:5 | Killed a sphinx
 13830 | Vaults:5 | Noticed a storm dragon
 13841 | Vaults:5 | Killed a storm dragon
 13842 | Vaults:5 | Identified the +7 shortbow of Glory {freeze, rF+++ Int-2}
 13845 | Vaults:5 | Reached XP level 16. HP: 58/82 MP: 22/30
 13857 | Vaults:5 | Noticed a shadow dragon
 13864 | Vaults:5 | Identified the +7 shortbow of Desperation {flame, rPois
                  | Dex+4}
 13864 | Vaults:5 | Identified the +2 ring mail "Font" {rC- Str+4 Int+6}
 13864 | Vaults:5 | Identified the ring "Tyacsucash" {rC+ EV+4 Str-4 Dex+7}
 13867 | Vaults:5 | Killed a shadow dragon
 13895 | Vaults:5 | Killed a titan
 13927 | Vaults:5 | Noticed a shadow dragon
 14136 | Vaults:5 | Paralysed by a Zot trap for 2 turns
 14145 | Vaults:5 | Mangled by a fire giant

Illustrated notes

Levels and vault maps discovered:
D:1:      lightli_molten_gateway, layout_loops_ring
D:2:      layout_loops_ring, nrook_mini_vaults, uniq_sigmund, uniq_terence
D:3:      layout_rooms, nicolae_gozag_seed_capital, overflow_temple_1_default,
          minmay_stone_trees_small, cheibrodos_ashenzari_chains, uniq_jessica
D:4:      minmay_opposing_rooms, layout_basic, serial_shops, shop
D:5:      layout_basic
D:6:      layout_basic, serial_shops, kennysheep_little_box, kennysheep_mini,
          shop, nicolae_shop_overgrown_old_shop, shop
D:7:      wander_river, layout_basic, temple_pool_b
D:8:      layout_basic, nicolae_overflow_crystal_walls, serial_corexii_hall,
          corexii_hall_statues_i, corexii_hall_statues_l
D:9:      layout_long_grid, old_standard_altar, tso_altar, serial_shops,
          nicolae_shop_window_shopping, chequers_serial_rivers_small_3,
          xom_confusion_cloud
D:10:     layout_cave_pools, erik_lair_island
D:11:     layout_roguey, zombieorc1_lemuel
D:12:     layout_loops_ring, serial_shops, shop,
          gammafunk_ghost_berserking_beasts
D:13:     layout_roguey, david_vaults_2, minmay_another_anthill
D:14:     layout_big_octagon, minmay_staircase_windowed_large
Temple:   minmay_temple_bridge_d
Lair:1:   cheibrodos_lair_river_kwai, layout_chaotic_city,
          portal_ice_cave_entry_pillars_2, grunt_forest_small_clearing_treed
Lair:2:   nzn_winding_woodlands_cross [nzn_winding_woodlands_5x15_split_checker,
          nzn_winding_woodlands_5x15_default,
          nzn_winding_woodlands_5x15_concentric,
          nzn_winding_woodlands_5x15_jagged,
          nzn_winding_woodlands_15x15_boxy_spiral], layout_regular_city,
          nicolae_swamp_entry_splash_gauntlet, serial_bayou_lake_a
Lair:3:   layout_regular_city, gammafunk_ghost_hive
Lair:4:   layout_gridlike, minmay_lair_oklob_chamber, grunt_megastairs_2,
          infiniplex_staircase_pool
Lair:5:   layout_roguey, slime_altar_1, grunt_megastairs_5,
          serial_bayou_shore_a, lemuel_fruit_fields, lemuel_fruit_tree
Lair:6:   evilmike_catoblepas_cave, layout_regular_city, enter_volcano_4,
          minivault_26, st_stairs_12
Swamp:1:  layout_basic_swamp, nicolae_swamp_dense_foliage
Swamp:2:  layout_basic_swamp, serial_swamp_ruin, evilmike_swamp_ruin_house_2,
          evilmike_swamp_ruin_house_3, uniq_donald
Swamp:3:  layout_basic_swamp, gammafunk_ghost_abyssal_escape,
          hangedman_swamp_blocks, nicolae_island_escapes
Swamp:4:  grunt_swamp_rune_castle, layout_basic_swamp
Snake:1:  layout_honeycomb, grunt_ministairs_13, uniq_asterion, uniq_louise
Snake:2:  layout_layer_cave, gammafunk_ghost_wrathful_warriors
Snake:3:  layout_chambers, nicolae_snake_shapes, uniq_vashnia, uniq_agnes
Snake:4:  snake_pit, layout_cave_town, grunt_megastairs_3
Slime:1:  layout_caves
Orc:1:    layout_caves, serial_shops, shop
Orc:2:    grunt_orc_tribal_feast, layout_diamond_mine
Elf:1:    eino_elf_arrival_sip, layout_gridlike, gammafunk_ghost_grave,
          serial_shops, nicolae_shop_temple_entry_statues_fountains,
          minmay_elf_sorcery, drop_trap, roderic_three_in_a_row,
          grunt_ministairs_6, st_stairs_8, uniq_azrael
Vaults:1: ontoclasm_vaults_gateway, vaults_standard_mumra_lines, v_misc_31,
          v_rooms_3, dpeg_vaults_waves, nicolae_vaults_little_squares_6,
          nicolae_vaults_little_ls, vaults_room_door_hall,
          hangedman_vaults_restitches, nicolae_vaults_yaktaur_gun_rack,
          v_misc_25, layout_vaults_omnicross, serial_hangedman_research,
          hangedman_research_geology, hangedman_research_pyrotechnics,
          hangedman_research_toxicology
Vaults:2: nicolae_vaults_diagonal_hallway_6, v_misc_3,
          nicolae_vaults_disjoint_gnomons, minmay_crypt_entry_simple_corners,
          v_misc_29, v_alt_pattern_4, v_pattern_3, vaults_room_pools,
          nicolae_vaults_windows_and_doors_thing, hangedman_vaults_nails,
          nicolae_vaults_ring_of_whatevers, layout_vaults_maze_snakey,
          serial_shops, bzr_firewalk, shop_fountains, shop
Vaults:3: nicolae_vaults_branching_niches, v_misc_26, ontoclasm_vaults_idyll,
          v_rooms_6, dpeg_vaults_monster_box, vaults_room_large_hall,
          nicolae_vaults_disjoint_gnomons, v_misc_28,
          nicolae_vaults_specimen_jars, nicolae_vaults_border_crossing,
          nicolae_vaults_asterisk, ontoclasm_vaults_tryst,
          nicolae_vaults_asterisk, v_misc_24, layout_vaults_omnibox, uniq_sojobo
Vaults:4: nicolae_vaults_big_angled_halls, nicolae_vaults_diagonal_hallway_7,
          ontoclasm_vaults_loading_screen, hangedman_vaults_pinch,
          vaults_room_ringed_pool, nicolae_vaults_little_squares_4,
          nicolae_vaults_asterisk, v_misc_27, vaults_room_pool,
          layout_vaults_chaotic_city, uniq_mennas, uniq_aizul
Vaults:5: serial_shops

Skill      XL: |  1  2  3  4  5  6  7  8  9 10 11 12 13 14 15 16 |
---------------+-------------------------------------------------+-----
Fighting       | 1 2 3 4 5 6 8 9 10 11 13 14 16 15 | 16.1
Stealth        | 3 4 5 6 8 9 10 11 13 14 16 15 | 16.1
Unarmed Combat | 1 2 3 4 5 6 8 9 10 11 13 14 16 15 | 16.1
Dodging        | 3 4 5 6 7 9 10 12 13 14 16 15 | 16.2
Transmutations | 1 2 4 5 |  5.4
Spellcasting   | 4 5 6 8 9 |  9.9
Evocations     | 1 3 5 |  5.0
Ice Magic      | 1 |  1.0
Invocations    | 3 4 5 8 |  8.0
Poison Magic   | 1 2 |  2.0
Conjurations   | 1 |  1.0
Fire Magic     | 1 |  1.0
Air Magic      | 1 |  1.0
Translocations | 1 |  1.0
Earth Magic    | 2 4 5 |  5.2
Summonings     | |  4.0

Action                   |  1- 3 |  4- 6 |  7- 9 | 10-12 | 13-15 | 16-18 || total
-------------------------+-------+-------+-------+-------+-------+-------++-------
Melee: Unarmed           |    52 |    82 |   320 |   685 |   627 |   174 ||  1940
       Bite              |     4 |     9 |    48 |    68 |    28 |     6 ||   163
       Headbutt          |       |    14 |    52 |    57 |       |       ||   123
       Punch             |       |       |     6 |    13 |    16 |     4 ||    39
 Cast: Summon Small Mamm |    17 |    19 |     4 |       |       |       ||    40
       Beastly Appendage |     3 |    11 |    31 |    24 |       |       ||    69
       Call Imp          |     2 |    16 |    33 |    17 |     1 |       ||    69
       Summon Ice Beast  |       |       |       |    59 |    65 |     9 ||   133
       Ice Form          |       |       |       |    24 |    52 |    11 ||    87
       Mephitic Cloud    |       |       |       |    11 |    17 |     6 ||    34
       Ignite Poison     |       |       |       |     6 |    11 |       ||    17
       Blink             |       |       |       |     3 |   114 |    48 ||   165
       Passwall          |       |       |       |       |    29 |     5 ||    34
       Petrify           |       |       |       |       |    27 |    15 ||    42
       Lee's Rapid Decon |       |       |       |       |     4 |    13 ||    17
       Olgreb's Toxic Ra |       |       |       |       |     4 |     1 ||     5
       Sandblast         |       |       |       |       |     2 |       ||     2
Invok: Slouch            |       |       |       |     2 |     6 |     3 ||    11
       Bend Time         |       |       |       |     1 |       |       ||     1
       Step From Time    |       |       |       |       |       |     1 ||     1
 Abil: End Transformatio |       |       |       |     3 |    12 |     2 ||    17
Evoke: Wand              |       |       |     8 |    38 |    85 |    12 ||   143
       Condenser vane    |       |       |       |     1 |     3 |     3 ||     7
       Lightning rod     |       |       |       |       |     1 |     6 ||     7
  Use: Potion            |     2 |     3 |     7 |    19 |    17 |    12 ||    60
       Scroll            |     2 |     5 |     6 |    12 |    30 |     5 ||    60
 Stab: Sleeping          |     7 |     4 |    22 |    19 |    54 |    11 ||   117
       Distracted        |     1 |     2 |     5 |    11 |    10 |     1 ||    30
       Paralysed         |       |       |       |     2 |     1 |       ||     3
       Invisible         |       |       |       |     2 |       |     1 ||     3
       Confused          |       |       |       |    14 |     8 |     1 ||    23
       Betrayed ally     |       |       |       |     1 |     1 |       ||     2
       Petrified         |       |       |       |       |    17 |     8 ||    25
       Petrifying        |       |       |       |       |     4 |       ||     4
Armor: Skin              |     3 |     4 |    24 |    24 |    20 |    19 ||    94
Dodge: Dodged            |    40 |    66 |   219 |   639 |   492 |   141 ||  1597
Block: Other             |       |       |    34 |   112 |    74 |     9 ||   229
       Reflection        |       |       |     2 |     4 |     6 |       ||    12

Table legend: (Time is in decaauts)
 A = Elapsed time spent in this place.
 B = Non-inter-level travel time spent in this place.
 C = Inter-level travel time spent in this place.
 D = Time resting spent in this place.
 E = Time spent auto-exploring this place.
 F = Levels seen in this place.
 G = Mean time per level.
                   A        B        C        D        E       F      G
               +--------+--------+--------+--------+--------+-----+--------+
         Total |  20228 |  19989 |    239 |     12 |      4 |  41 |  493.4 |
       Dungeon |   6432 |   6280 |    152 |      0 |      0 |  14 |  459.4 |
        Temple |     34 |     34 |      0 |      0 |      0 |   1 |   34.0 |
          Lair |   3465 |   3459 |      6 |      0 |      0 |   6 |  577.5 |
         Swamp |   2675 |   2675 |      0 |     12 |      0 |   4 |  668.8 |
     Snake Pit |   2062 |   2061 |      1 |      0 |      4 |   4 |  515.5 |
    Slime Pits |      1 |      1 |      0 |      0 |      0 |   1 |    1.0 |
  Orcish Mines |   1526 |   1447 |     79 |      0 |      0 |   2 |  763.0 |
   Elven Halls |      1 |      1 |      0 |      0 |      0 |   1 |    1.0 |
        Vaults |   2696 |   2696 |      0 |      0 |      0 |   5 |  539.2 |
        Bazaar |    143 |    143 |      0 |      0 |      0 |   1 |  143.0 |
      Ice Cave |    644 |    644 |      0 |      0 |      0 |   1 |  644.0 |
       Volcano |    544 |    544 |      0 |      0 |      0 |   1 |  544.0 |
               +--------+--------+--------+--------+--------+-----+--------+

Top non-repeatable levels by time:
   Orc:2: 1358 daAuts
 Snake:4: 1343 daAuts
 Swamp:4: 964 daAuts
     D:6: 951 daAuts
 Swamp:3: 903 daAuts
  Lair:2: 869 daAuts
Vaults:5: 775 daAuts
  Lair:6: 756 daAuts
Vaults:4: 741 daAuts
    D:10: 706 daAuts
     D:4: 696 daAuts
   IceCv: 644 daAuts
     D:5: 633 daAuts
 Swamp:1: 620 daAuts
     D:7: 618 daAuts
